AoeStats
← DK_Odysseo

Arena

510337200Analyzed
1v1 RM · 22h ago on Sep 30, 2026· 55m 42s· 2 players
Game mode
Random Map
Map size
Tiny (2 player)
Population
200
Speed
Normal
Resources
Standard
Victory
Conquest
Starting age
Dark Age
Ending age
Imperial Age
RankedLock teamsTeams togetherTeam positionsShared explorationLock speedFull tech treeHidden civsTurbo modeCheats
Victory
Defeat
🇵🇪 Poles · Peru
1925
+16
🇪🇸 Malay · Spain
1929
-16
LE | Asav
5:32 Loom
8:54 Feudal Age
10:32 Double-Bit Axe
10:57 Fletching
12:42 Horse Collar
17:37 Town Watch
20:31 Castle Age
21:05 Wheelbarrow
21:35 Bow Saw
21:33 Heavy Plow
21:26 Gold Mining
22:10 Bodkin Arrow
30:35 Imperial Age
29:04 Padded Archer Armor
29:27 Ballistics
29:44 Scale Mail Armor
29:55 Forging
29:44 Pikeman
30:24 Squires
31:05 Chain Mail Armor
31:29 Bracer
30:58 Crossbowman
32:03 Conscription
32:26 Leather Archer Armor
33:12 Chemistry
32:38 Arbalester
33:25 Thumb Ring
34:28 Masonry
36:45 Stone Mining
37:47 Scale Barding Armor
38:17 Iron Casting
39:00 Chain Barding Armor
38:38 Elite Skirmisher
38:39 Light Cavalry
39:29 Bloodlines
39:19 Husbandry
39:44 Murder Holes
41:15 Blast Furnace
40:38 Lechitic Legacy
40:37 Winged Hussar
43:14 Onager
46:08 Hand Cart
46:35 Plate Mail Armor
46:22 Treadmill Crane
47:34 Stone Shaft Mining
48:33 Heavy Mounted Crossbowman
DK_Odysseo
9:15 Feudal Age
8:33 Loom
9:00 Double-Bit Axe
8:56 Horse Collar
12:19 Fletching
16:35 Wheelbarrow
19:26 Castle Age
17:59 Stone Mining
19:15 Bow Saw
21:03 Gold Mining
21:42 Heavy Plow
29:34 Imperial Age
28:43 Padded Archer Armor
29:19 Hand Cart
28:49 Town Watch
30:43 Chemistry
30:35 Thumb Ring
30:42 Bodkin Arrow
31:22 Bracer
30:58 Crossbowman
31:18 Capped Ram
34:07 Forging
33:45 Arbalester
35:57 Ballistics
36:53 Leather Archer Armor
37:07 Elite Skirmisher
38:25 Ring Archer Armor
38:17 Masonry
38:51 Capped Ram
42:55 Scale Barding Armor
43:25 Iron Casting
42:44 Elite Battle Elephant
43:25 Husbandry
44:09 Siege Engineers
44:41 Stone Shaft Mining
44:16 Murder Holes
45:51 Blast Furnace
45:32 Husbandry
53:29 Pikeman
54:09 Squires
54:11 Halberdier
Connection lost

Rejoining the realm…

Still unreachable

The connection could not be restored.

Session expired

The server has moved on; the page needs a fresh start.